 Dungeon Crawl Stone Soup version 0.13-a0-2485-g242ae62 (webtiles) character file.

144 Rycklaryybbe the Insei (level 3, 0/30 HPs)
             Began as a Draconian Monk on July 21, 2013.
             Slain by Sigmund
             ... wielding a +1,+1 scythe
              (9 damage)
             ... on Level 3 of the Dungeon.
             The game lasted 00:02:53 (1362 turns).

Rycklaryybbe the Insei (Draconian Monk)             Turns: 1362, Time: 00:02:53

HP   0/30        AC  5     Str 12      XL: 3   Next: 50%
MP   2/2         EV 13     Int 10      God:
Gold 96          SH  0     Dex 14      Spells:  0 memorised,  2 levels left

Res.Fire  : . . .   See Invis. : .     - Unarmed
Res.Cold  : . . .   Warding    : .   (armour unavailable)
Life Prot.: . . .   Conserve   : .   (no shield)
Res.Poison: .       Res.Corr.  : .   (helmet restricted)
Res.Elec. : .       Clarity    : .   (no cloak)
Sust.Abil.: . .     Spirit.Shd : .   (no gloves)
Res.Mut.  : .       Stasis     : .   (no boots)
Res.Rott. : .       Flight     : .   (no amulet)
Saprovore : . . .                    (no ring)
                                     (no ring)

@: confused, not resistant to hostile enchantments, very unstealthy
A: unfitting armour, antennae 1, spit poison 1, AC +5, Str -1
a: Spit Poison


You were on level 3 of the Dungeon.
You were full.

You visited 1 branch of the dungeon, and saw 3 of its levels.

You collected 96 gold pieces.

Inventory:

Missiles
 h - 18 darts (quivered)
Comestibles
 b - 2 bread rations
 k - a meat ration
 q - a rotting chunk of worm flesh
Scrolls
 a - 2 scrolls of teleportation {unknown}
 c - 2 scrolls of fear {unknown}
 d - a scroll of enchant armour {unknown}
 e - a scroll of curse weapon {unknown}
 f - 2 scrolls of remove curse {unknown}
 g - 2 scrolls of amnesia {unknown}
 i - 2 scrolls of identify {unknown}
 l - a scroll of curse jewellery {unknown}
 m - a scroll of curse armour {unknown}
 o - a scroll of fog {unknown}
Jewellery
 r - an uncursed ring of flight {unknown}


   Skills:
 - Level 3.2 Fighting
 - Level 2.6 Dodging
 - Level 1.7 Stealth
 + Level 5.3 Unarmed Combat


You had 2 spell levels left.
You didn't know any spells.

Dungeon Overview and Level Annotations

Branches:
Dungeon (3/27)

Altars:

Annotations
D:3 Sigmund


Innate Abilities, Weirdness & Mutations

Your plain brown scales are hard (AC +5).
Your body does not fit into most forms of armour.
Your cold-blooded metabolism reacts poorly to cold.
You have a pair of small antennae on your head.
You can spit poison.
You are weak (Str -1).


Message History

Drink which item? (? for menu, Esc to quit)
You feel extremely strange.
There is a nasty taste in your mouth for a moment.
A pair of antennae grows on your head!
You feel weaker.
It was a potion of mutation.
It hits you!
* * * LOW HITPOINT WARNING * * *
Drink which item? (? for menu, Esc to quit)
You feel better. The magic dart hits you!
* * * LOW HITPOINT WARNING * * *
Things that are here:
a dwarven dagger; a kobold corpse You hear some strange, mumbled words.
You are confused.
Drink which item? (? for menu, Esc to quit)
That potion was really gluggy!
It was a potion of porridge.
It hits you but does no damage.
You're too confused!
It hits you!
You die...

#.# #.# #.#
## #.# .. ..#
###. #.# ...
#.# # #.###.#
.....##...@<#
#.......##
######{.#
#..# #.)#
#..#
..$......#
.........
..........


There were no monsters in sight!

Vanquished Creatures
  An adder (D:2)
  A worm (D:2)
  2 ball pythons
  2 bats (D:2)
  3 giant cockroaches
  4 hobgoblins
  3 jackals (D:1)
  A quokka (D:2)
  5 goblins (D:1)
  6 kobolds
  A rat (D:1)
29 creatures vanquished.

Notes
Turn   | Place    | Note
--------------------------------------------------------------
     0 | D:1      | Rycklaryybbe, the Draconian Monk, began the quest for the Orb.
     0 | D:1      | Reached XP level 1. HP: 17/17 MP: 0/0
   236 | D:1      | Reached XP level 2. HP: 18/24 MP: 1/1
   735 | D:2      | Reached skill level 5 in Unarmed Combat
   735 | D:2      | Reached XP level 3. HP: 30/30 MP: 2/2
  1331 | D:3      | Noticed Sigmund
  1353 | D:3      | Gained mutation: You can spit poison. [potion of mutation]
  1353 | D:3      | Gained mutation: You have a pair of small antennae on your head. [potion of mutation]
  1353 | D:3      | Gained mutation: You are weak (Str -1). [potion of mutation]
  1362 | D:3      | Slain by Sigmund

Action                   || total
-------------------------++-------
Melee: Unarmed           ||   113
  Use: Potion            ||     4
 Stab: Sleeping          ||     2
